 Dungeon Crawl Stone Soup version 0.19.5 (webtiles) character file.

48608 Keye the Bludgeoner (level 14, -6/129 HPs)
             Began as a Minotaur Berserker on Apr 29, 2017.
             Was a High Priest of Trog.
             Killed from afar by a lindwurm (26 damage)
             ... with a blast of flame
             ... on level 4 of the Lair of Beasts on May 1, 2017.
             The game lasted 00:53:15 (18345 turns).

Keye the Bludgeoner (Minotaur Berserker)           Turns: 18345, Time: 00:53:15

Health: -6/129     AC: 23    Str: 28    XL:     14   Next: 12%
Magic:  13/13      EV: 14    Int:  4    God:    Trog [*****.]
Gold:   1387       SH:  0    Dex: 15    Spells: 0 memorised, 13 levels left

rFire  . . .     SeeInvis +     Y - +0 great mace (venom)
rCold  + + .     Gourm    .     r - +3 chain mail {rC+}
rNeg   . . .     Faith    .     (shield currently unavailable)
rPois  .         Spirit   .     W - +2 hat
rElec  .         Reflect  .     m - +1 cloak {MR+}
rCorr  .         Harm     .     a - +0 pair of gloves of Enaozi {Str+2}
MR     ++++.                    A - +0 pair of boots
Stlth  ..........               (no amulet)
                                s - ring of Vum Sas {rC+ SInv}
                                w - +4 ring of strength

@: starving, regenerating
A: retaliatory headbutt, horns 2
a: Berserk, Trog's Hand, Brothers in Arms, Burn Spellbooks, Renounce Religion


You were on level 4 of the Lair of Beasts.
You worshipped Trog.
Trog was extremely pleased with you.
You were starving.

You visited 2 branches of the dungeon, and saw 16 of its levels.
You also visited: Labyrinth and Ice Cave.

You collected 1387 gold pieces.

Inventory:

Hand Weapons
 Y - a +0 great mace of venom (weapon)
Missiles
 e - 332 arrows
 x - 85 bolts
Armour
 a - the +0 pair of gloves of Enaozi (worn) {Str+2}
   (You acquired it on level 12 of the Dungeon)

   It affects your strength (+2).
 m - a +1 cloak of magic resistance (worn)
 r - a +3 chain mail of cold resistance (worn)
 A - a +0 pair of boots (worn)
 M - a +1 cloak of cold resistance
 W - a +2 hat (worn)
Jewellery
 f - an uncursed ring of see invisible
 k - an uncursed ring of positive energy
 p - an uncursed ring of flight
 s - the ring of Vum Sas (right hand) {rC+ SInv}
   (You took it off a minotaur in a labyrinth)

   [ring of protection from cold]

   It protects you from cold.
   It lets you see invisible.
 w - a +4 ring of strength (left hand)
 E - an uncursed ring of positive energy
 G - an uncursed ring of resist corrosion
Wands
 h - a wand of paralysis (12/24)
 n - a wand of digging (7/24)
 z - a wand of confusion (36/48)
 J - a wand of confusion (25/48)
Scrolls
 d - 3 scrolls of blinking
 i - 6 scrolls of teleportation
 l - a scroll of summoning
 v - 2 scrolls of recharging
 B - 2 scrolls of fear
 D - 3 scrolls of identify
 F - 8 scrolls of remove curse
 O - 4 scrolls of enchant weapon
 R - a scroll of enchant armour
 Z - 2 scrolls of vulnerability
Potions
 b - 3 potions of might
 o - 3 potions of agility
 q - 4 potions of curing
 t - 2 potions of resistance
 u - 4 potions of brilliance
 H - 2 potions of cure mutation
 I - 3 potions of haste
 L - a potion of ambrosia
 P - a potion of beneficial mutation
 Q - 6 potions of flight
 T - a potion of mutation
 V - a potion of heal wounds
Books
 C - a book of the Warp

   Spells                             Type                      Level
   a - Gell's Gravitas                Hexes/Translocation          3
   b - Portal Projectile              Translocation                3
   c - Force Lance                    Conjuration/Translocation    4
   d - Dispersal                      Translocation                6
   e - Controlled Blink               Translocation                8
   f - Disjunction                    Translocation                8
   Trog disapproves of the use of such an item.
 N - a Necronomicon

   Spells                             Type                      Level
   a - Haunt                          Necromancy/Summoning         7
   b - Borgnjor's Revivification      Necromancy                   8
   c - Death's Door                   Charms/Necromancy            8
   d - Infestation                    Necromancy                   8
   e - Necromutation                  Transmutation/Necromancy     8
   Trog disapproves of the use of such an item.
 U - a book of Transfigurations

   Spells                             Type                      Level
   a - Irradiate                      Conjuration/Transmutation    5
   b - Statue Form                    Transmutation/Earth          6
   c - Hydra Form                     Transmutation                6
   d - Dragon Form                    Transmutation                7
   Trog disapproves of the use of such an item.
 X - the Volume of Confrontation
   (You found it in a labyrinth)

   Spells                             Type                      Level
   a - Flame Tongue                   Conjuration/Fire             1
   b - Stone Arrow                    Conjuration/Earth            3
   c - Fireball                       Conjuration/Fire             5
   d - Orb of Destruction             Conjuration                  7
   Trog disapproves of the use of such an item.
Comestibles
 c - 12 bread rations
 g - 10 meat rations
 j - 10 beef jerkies
 K - 12 fruits
 S - a royal jelly


   Skills:
 - Level 13.1 Fighting
 + Level 19.9 Maces & Flails
 - Level 13.0 Armour
 - Level 8.8 Dodging


You had 13 spell levels left.
You didn't know any spells.

Dungeon Overview and Level Annotations

Branches:
Dungeon (12/15)            Temple (0/1) D:5            Lair (4/6) D:8
  Swamp (0/4) Lair:4        Snake (0/4) Lair:3          Orc (0/2) D:12

Altars:
Ashenzari
Cheibriados
Fedhas
Makhleb
Sif Muna
Xom
Yredelemnul
Beogh

Shops:
D:6 [   D:8 ?


Innate Abilities, Weirdness & Mutations

You reflexively headbutt those who attack you in melee.
You have a pair of horns on your head.


Message History

The dire elephant closely misses you.
The dire elephant trunk-slaps you but does no damage.
The lindwurm breathes flames at you. The blast of flame hits you!
* * * LOW HITPOINT WARNING * * *
The dire elephant tramples you but does no damage.
The dire elephant closely misses you.
The lindwurm is engulfed in a cloud of scalding steam.
The lindwurm bites you but does no damage.
The lindwurm barely misses you.
The lindwurm claws you but does no damage.
The lindwurm completely misses you.
The lindwurm claws you but does no damage.
The lindwurm misses you.
The lindwurm bites you but does no damage.
The lindwurm closely misses you.
The lindwurm claws you but does no damage.
The lindwurm breathes flames at you. The blast of flame hits you!
You die...

#≈≈.# #≈≈≈♣♣
≈≈≈≈≈≈≈≈
#≈≈8# #♣≈≈♣
..≈≈≈≈.
#≈≈≈##
♣≈≈≈♣♣ .
##≈≈≈#
#≈≈≈≈♣ ##≈≈#
♣≈≈≈≈♣
###≈Y#
♣≈≈≈♣♣
#≈≈≈k##♣≈≈P♣
#≈≈≈≈§#≈≈≈≈♣
#≈≈≈≈≈@≈≈≈♣♣
#######♣♣♣♣


You could see a dire elephant and a lindwurm.

Vanquished Creatures
  Rupert (D:12)
  Gastronok (D:10)
  A frost giant (IceCv)
  Snorg (D:11)
  A minotaur (Lab)
  4 hydras
  An ice dragon (Lair:1)
  A catoblepas (Lair:3)
  Urug (Lair:4)
  Nergalle (D:11)
  An unseen horror (D:11)
  3 hill giants (D:11)
  Pikel (D:6)
  An orc knight (D:12)
  A deep elf mage (D:11)
  A cyclops (D:11)
  4 elephants (Lair:3)
  A manticore (D:12)
  A black mamba (Lair:2)
  Psyche (D:10)
  Joseph (D:7)
  2 ice statues (IceCv)
  3 gargoyles
  4 spiny frogs
  5 komodo dragons
  3 rime drakes
  3 trolls
  12 polar bears (IceCv)
  A wind drake (shapeshifter) (D:11)
  A two-headed ogre (D:10)
  A dream sheep (Lair:4)
  6 hippogriffs
  11 blink frogs
  28 yaks
  Eustachio (D:6)
  3 basilisks
  2 wyverns
  Edmund (D:6)
  Menkaure (D:5)
  2 mottled dragons (D:11)
  A mottled dragon (shapeshifter) (D:11)
  16 water moccasins
  6 porcupines
  3 hell hounds (D:11)
  10 orc warriors
  A slave (D:6)
  A black bear (D:11)
  A hornet zombie (D:11)
  13 ice beasts
  3 sky beasts
  A tengu (shapeshifter) (D:11)
  5 phantoms
  10 wolves (IceCv)
  7 ogres
  6 centaurs
  3 crocodiles
  2 big kobolds (D:7)
  A gnoll sergeant (D:7)
  22 bullfrogs
  A wyvern zombie (D:11)
  7 scorpions
  The ghost of McKennaii the Slasher, a weakling DrBe of Trog (D:3)
  10 killer bees
  5 wights
  3 howler monkeys
  4 electric eels
  8 crimson imps
  5 jellies
  A quasit (D:12)
  3 bullfrog zombies
  11 orc priests
  A centaur zombie (D:7)
  6 hounds
  2 centaur skeletons
  Crazy Yiuf (D:2)
  11 orc wizards
  5 bullfrog skeletons
  Terence (D:2)
  5 iguanas
  Natasha (thrice) (D:2)
  6 worker ants
  11 gnolls
  23 adders
  2 shadow imps
  5 worms
  3 dart slugs
  6 leopard geckos
  38 orcs
  2 ball pythons
  3 giant cockroaches
  5 goblins
  7 hobgoblins
  9 jackals
  9 quokkas
  12 bats
  A frilled lizard (D:3)
  14 kobolds
  A quokka skeleton (D:8)
  6 rats
  A fungus (Lair:4)
489 creatures vanquished.

Vanquished Creatures (collateral kills)
  3 polar bears (IceCv)
  A yak (IceCv)
4 creatures vanquished.

Vanquished Creatures (others)
  2 fungi (Lair:4)
  9 toadstools (Lair:4)
11 creatures vanquished.

Grand Total: 504 creatures vanquished

Notes
Turn   | Place    | Note
-------+----------+-------------------------------------------
     0 | D:1      | Keye the Minotaur Berserker began the quest for the Orb.
     0 | D:1      | Reached XP level 1. HP: 19/19 MP: 0/0
   123 | D:1      | Reached skill level 4 in Maces & Flails
   123 | D:1      | Reached XP level 2. HP: 26/26 MP: 1/1
  1056 | D:2      | Found a runed door.
  1100 | D:2      | Reached skill level 5 in Maces & Flails
  1126 | D:2      | Reached XP level 3. HP: 22/31 MP: 2/2
  1189 | D:2      | Noticed Natasha
  1194 | D:2      | Killed Natasha
  1195 | D:2      | Noticed Terence
  1203 | D:2      | Killed Terence
  1203 | D:2      | Reached skill level 6 in Maces & Flails
  1203 | D:2      | Reached XP level 4. HP: 39/39 MP: 3/3
  1244 | D:2      | Reached ** piety under Trog
  1325 | D:2      | Noticed Natasha
  1334 | D:2      | Killed Natasha
  1470 | D:2      | Noticed Natasha
  1479 | D:2      | Killed Natasha
  1479 | D:2      | Reached skill level 7 in Maces & Flails
  1479 | D:2      | Reached XP level 5. HP: 39/45 MP: 4/4
  1667 | D:2      | Noticed Crazy Yiuf
  1677 | D:2      | Killed Crazy Yiuf
  1870 | D:3      | Reached skill level 8 in Maces & Flails
  2080 | D:3      | Found a basalt altar of Yredelemnul.
  2210 | D:3      | Noticed McKennaii's ghost (weakling DrBe)
  2220 | D:3      | Killed McKennaii's ghost
  2220 | D:3      | Reached XP level 6. HP: 51/51 MP: 5/5
  2278 | D:3      | Reached *** piety under Trog
  2356 | D:4      | Reached skill level 9 in Maces & Flails
  2390 | D:4      | Found a snail-covered altar of Cheibriados.
  2534 | D:4      | Reached XP level 7. HP: 53/57 MP: 6/6
  2653 | D:4      | Reached skill level 10 in Maces & Flails
  2822 | D:5      | Entered Level 5 of the Dungeon
  3068 | D:5      | Found a shimmering altar of Xom.
  3076 | D:5      | Found a shattered altar of Ashenzari.
  3078 | D:5      | Found a burning altar of Makhleb.
  3079 | D:5      | Found a deep blue altar of Sif Muna.
  3257 | D:5      | Noticed Menkaure
  3267 | D:5      | Killed Menkaure
  3267 | D:5      | Reached skill level 11 in Maces & Flails
  3381 | D:5      | Found a staircase to the Ecumenical Temple.
  3546 | D:6      | Found Jakh's Armour Shoppe.
  3550 | D:6      | Reached XP level 8. HP: 64/64 MP: 7/7
  3552 | D:6      | Noticed Eustachio
  3554 | D:6      | Noticed Pikel
  3569 | D:6      | Killed Pikel
  3569 | D:6      | Reached skill level 12 in Maces & Flails
  3582 | D:6      | Reached skill level 13 in Maces & Flails
  3609 | D:6      | Killed Eustachio
  3812 | D:6      | Noticed Edmund
  3824 | D:6      | Killed Edmund
  3824 | D:6      | Reached XP level 9. HP: 71/71 MP: 8/8
  4017 | D:7      | Reached **** piety under Trog
  4090 | D:7      | Reached skill level 14 in Maces & Flails
  4444 | D:7      | Noticed Joseph
  4457 | D:7      | Killed Joseph
  4457 | D:7      | Reached skill level 5 in Fighting
  4457 | D:7      | Reached skill level 5 in Armour
  5150 | D:8      | Found Moamuw's Magic Scroll Shop.
  5347 | D:8      | Reached XP level 10. HP: 84/84 MP: 9/9
  5756 | D:8      | Found a staircase to the Lair.
  6035 | D:9      | Reached ***** piety under Trog
  6832 | D:9      | Found a blossoming altar of Fedhas.
  7042 | D:10     | Entered Level 10 of the Dungeon
  7391 | D:10     | Noticed Psyche
  7397 | D:10     | Killed Psyche
  7446 | D:10     | Reached skill level 5 in Dodging
  7553 | D:10     | Noticed Gastronok
  7567 | D:10     | Killed Gastronok
  7567 | D:10     | Reached XP level 11. HP: 49/99 MP: 10/10
  7943 | D:10     | Received a gift from Trog
  8196 | D:11     | Reached skill level 10 in Fighting
  8204 | D:11     | Reached skill level 10 in Armour
  8280 | D:11     | Noticed a deep elf mage
  8303 | D:11     | Killed a deep elf mage
  8305 | D:11     | Noticed an unseen horror
  8343 | D:11     | Killed an unseen horror
  8405 | D:11     | Noticed a hill giant
  8508 | D:11     | Noticed Snorg
  8519 | D:11     | Killed Snorg
  8802 | D:11     | Killed a hill giant
  8849 | D:11     | Noticed a hill giant
  8854 | D:11     | Killed a hill giant
  9161 | D:11     | Noticed a hill giant
  9179 | D:11     | Reached XP level 12. HP: 51/112 MP: 11/11
 10274 | D:11     | Noticed a six-headed hydra
 10282 | D:11     | Killed a six-headed hydra
 10662 | D:12     | Noticed Nergalle
 10717 | D:11     | Killed Nergalle
 10824 | D:12     | Noticed Rupert
 10842 | D:12     | Killed Rupert
 11183 | D:12     | Found a staircase to the Orcish Mines.
 11216 | D:12     | Identified a scroll of acquirement
 11219 | D:12     | Got a pair of ichor-stained gloves
 11230 | D:12     | Identified the +0 pair of gloves of Enaozi {Str+2} (You acquired it on level 12 of the Dungeon)
 11315 | D:12     | Reached skill level 15 in Maces & Flails
 11369 | D:12     | Received a gift from Trog
 11440 | D:12     | Found a roughly hewn altar of Beogh.
 11514 | D:12     | Found a roughly hewn altar of Beogh.
 11976 | Lair:1   | Entered Level 1 of the Lair of Beasts
 11986 | Lair:1   | Noticed an eight-headed hydra
 11995 | Lair:1   | Killed an eight-headed hydra
 12241 | Lair:1   | Noticed a six-headed hydra
 12246 | Lair:1   | Killed a six-headed hydra
 12286 | Lair:1   | Reached skill level 16 in Maces & Flails
 12447 | Lair:1   | Reached XP level 13. HP: 122/122 MP: 12/12
 13289 | Lair:2   | Reached skill level 17 in Maces & Flails
 13986 | Lair:3   | Found a staircase to the Snake Pit.
 14042 | Lair:3   | Received a gift from Trog
 14138 | Lair:3   | Found a frozen archway.
 14153 | Lair:3   | Reached skill level 18 in Maces & Flails
 14299 | IceCv    | Entered an ice cave
 14780 | IceCv    | Noticed a frost giant
 14805 | IceCv    | Killed a frost giant
 14805 | IceCv    | Reached skill level 19 in Maces & Flails
 16178 | Lair:4   | Reached XP level 14. HP: 129/129 MP: 13/13
 16191 | Lair:4   | Found a staircase to the Swamp.
 16241 | Lair:4   | Found a labyrinth entrance.
 16252 | Lab      | Entered a labyrinth
 17866 | Lab      | Got a sparkling lead ring
 17869 | Lab      | Got an encrusted arbalest
 17872 | Lab      | Identified the ring of Vum Sas {rC+ SInv} (You took it off a minotaur in a labyrinth)
 17877 | Lab      | Identified the Volume of Confrontation
 18057 | Lair:4   | Noticed Urug
 18071 | Lair:4   | Killed Urug
 18272 | Lair:4   | Found a runed door.
 18345 | Lair:4   | Killed from afar by a lindwurm

Skill      XL: |  1  2  3  4  5  6  7  8  9 10 11 12 13 |
---------------+----------------------------------------+-----
Maces & Flails | 4 5 6 7 8 9 11 13 14 16 19 | 19.9
Fighting       | 4 6 9 11 13 | 13.1
Armour         | 3 6 9 11 13 | 13.0
Dodging        | 3 5 7 8 |  8.8

Action                   |  1- 3 |  4- 6 |  7- 9 | 10-12 | 13-15 || total
-------------------------+-------+-------+-------+-------+-------++-------
Melee: Mace              |    35 |   160 |   120 |       |       ||   315
       Headbutt          |     4 |    29 |    59 |   162 |   106 ||   360
       Whip              |       |       |    17 |       |       ||    17
       Flail             |       |       |   144 |   487 |       ||   631
       Great mace        |       |       |       |   124 |   381 ||   505
Invok: Berserk           |     2 |     5 |     1 |     7 |       ||    15
       Trog's Hand       |       |       |     2 |     4 |     2 ||     8
       Burn Spellbooks   |       |       |     1 |     4 |     1 ||     6
       Brothers in Arms  |       |       |       |       |     1 ||     1
 Abil: Evoke Flight      |       |       |       |       |     1 ||     1
  Use: Scroll            |       |     7 |     8 |     5 |     8 ||    28
       Potion            |       |       |       |     2 |     1 ||     3
 Stab: Held in net/web   |       |       |     1 |       |       ||     1
  Eat: Chunk             |     2 |     9 |    11 |    26 |    14 ||    62
       Bread ration      |       |       |       |     1 |     1 ||     2
Armor: Animal skin       |     5 |     1 |       |       |       ||     6
       Chain mail        |       |   106 |   135 |   327 |   229 ||   797
Dodge: Dodged            |    20 |    89 |   118 |   385 |   290 ||   902
